Map: Disco Bloodbath LE

Players

Yuki

  • Race: Terran Terran
  • League: Master
  • Spawn Location: 3:00

Mez - Winner!

  • Race: Terran Terran
  • League: Master
  • Spawn Location: 9:00

VOD

Have the link to the VOD?

Description

Time

  • Played on: Aug. 20, 2019, 6:36 p.m.
  • Length: 11:55
Show
View Real Time Build Order
Export as new Build Order

Yuki Terran 

Build Orders: 1/1/1, Liberator Opening 

Get SALT Encoding   

  12  0:00  SCV  
  13  0:12  SCV  
  14  0:17  Supply Depot  
  14  0:25  SCV  
  15  0:30  Refinery  
  15  0:38  SCV  
  16  0:43  Barracks  
  16  0:52  Refinery  
  16  0:54  SCV  
  17  1:06  SCV  
  18  1:18  SCV  
  19  1:32  Orbital Command, Reaper  
  20  1:35  Factory  
  20  1:43  Supply Depot  
  20  1:57  SCV  
  21  2:07  Reaper  
  22  2:10  SCV  
  22  2:13  Supply Depot  
  23  2:18  Hellion  
  23  2:20  Starport  
  25  2:25  SCV  
  26  2:37  SCV  
  26  2:39  Reaper  
  26  2:41  Liberator  
  28  2:44  Hellion  
  33  3:06  SCV, Supply Depot  
  33  3:08  Factory Tech Lab  
  33  3:11  Barracks Reactor  
  34  3:17  Command Center  
  34  3:29  Cyclone  
  37  3:48  Marine, Starport Tech Lab  
  37  3:49  Marine  
  37  3:54  Supply Depot  
  39  3:56  SCV  
  40  4:06  Marine x2  
  40  4:07  Raven  
  40  4:08  Hellion  
  46  4:30  Marine x2  
  46  4:31  Siege Tank  
  51  4:44  SCV  
  48  4:47  Command Center  
  48  4:55  SCV  
  48  4:56  SCV  
  44  5:12  Orbital Command  
  44  5:13  SCV  
  45  5:14  Supply Depot  
  45  5:15  Stimpack  
  45  5:16  Siege Tank  
  45  5:20  Refinery  
  48  5:25  SCV  
  49  5:28  Viking  
  51  5:37  SCV  
  51  5:42  Marine  
  53  5:43  Viking  
  53  5:47  SCV  
  53  5:49  SCV, Supply Depot  
  50  5:59  SCV  
  50  6:00  Marine  
  50  6:01  SCV  
  50  6:02  Viking  
  52  6:04  Orbital Command  
  55  6:11  SCV  
  55  6:13  SCV  
  55  6:15  Siege Tank  
  60  6:22  Marine  
  60  6:23  SCV  
  60  6:25  SCV  
  63  6:29  Supply Depot, Refinery  
  63  6:30  Viking  
  63  6:31  SCV  
  66  6:36  SCV, Orbital Command  
  66  6:37  SCV  
  68  6:48  SCV  
  68  6:49  SCV, Barracks  
  68  6:51  Barracks  
  68  6:53  Engineering Bay x2  
  70  7:00  SCV  
  71  7:01  SCV  
  71  7:04  Viking  
  71  7:05  Marine, Siege Tank  
  71  7:08  SCV  
  77  7:12  SCV  
  77  7:14  SCV  
  79  7:18  Combat Shield  
  79  7:20  SCV  
  80  7:23  Marine  
  80  7:24  SCV  
  80  7:26  SCV  
  83  7:32  SCV  
  83  7:36  SCV, Terran Infantry Weapons Level 1  
  83  7:37  Terran Infantry Armor Level 1  
  85  7:38  SCV  
  85  7:39  Siege Tank  
  85  7:40  Barracks Reactor x2  
  85  7:41  Marine  
  85  7:43  Viking  
  92  7:44  SCV  
  92  7:48  SCV  
  92  7:50  SCV  
  95  7:56  SCV, Supply Depot x2  
  96  7:59  Marine  
  96  8:00  SCV  
  96  8:02  Missile Turret  
  96  8:03  SCV  
  99  8:06  Supply Depot, Missile Turret  
  99  8:08  SCV, Viking  
  99  8:12  Siege Tank, SCV  
  106  8:13  Viking  
  106  8:17  Marine  
  109  8:20  Supply Depot  
  109  8:21  SCV x2  
  109  8:22  Marine  
  109  8:23  Marine x3  
  109  8:26  Sensor Tower  
  114  8:34  Marine  
  114  8:41  Marine x3  
  112  8:52  Marine x2  
  113  8:55  Refinery  
  113  8:56  Refinery  
  113  8:58  Command Center  
  113  8:59  Marine x3  
  113  9:02  Barracks  
  116  9:03  Barracks  
  116  9:05  Medivac x2  
  116  9:09  SCV x2  
  122  9:10  Marine x2  
  122  9:17  Marine x2  
  124  9:18  Marine  
  124  9:19  Missile Turret  
  124  9:20  Supply Depot  
  124  9:22  Supply Depot  
  127  9:27  Marine  
  127  9:28  Marine  
  129  9:34  Marine  
  129  9:38  Marine x2, Missile Turret  
  130  9:39  Siege Tank, Armory  
  135  9:45  Marine  
  135  9:46  Marine  
  135  9:52  Marine  
  131  9:56  Marine  
  121  10:00  Marine x2  
  121  10:03  Marine  
  121  10:04  Marine  
  121  10:06  Barracks Reactor  
  114  10:10  Marine  
  114  10:13  SCV x2  
  114  10:14  Marine  
  108  10:18  Marine  
  108  10:20  Marine  
  108  10:21  Marine x2  
  109  10:27  SCV x2  
  109  10:28  Marine, SCV  
  115  10:37  Marine x2  
  115  10:39  Marine x2, SCV, Barracks Reactor  
  115  10:40  Siege Tank, SCV  
  115  10:41  Viking x2  
  128  10:45  Marine x2  
  128  10:46  Marine  
  131  10:55  Marine x2  
  133  10:58  Marine x2  
  133  11:02  Planetary Fortress  
  133  11:03  Marine x3, SCV x2  
  140  11:12  Marine x2, Siege Tank  
  140  11:15  Marine  
  140  11:16  Marine  
  140  11:17  Marine x2  
  148  11:36  Marine x3  
Show
View Real Time Build Order
Export as new Build Order

Mez Terran - Winner!

Build Orders: Reaper Expand 

Get SALT Encoding   

  12  0:01  SCV  
  13  0:13  SCV  
  14  0:17  Supply Depot  
  14  0:25  SCV  
  15  0:39  SCV  
  15  0:42  Barracks  
  16  0:46  Refinery  
  16  0:51  SCV  
  17  1:03  SCV  
  18  1:15  SCV  
  19  1:29  Orbital Command  
  19  1:30  Reaper  
  20  1:45  Command Center  
  20  1:54  Barracks  
  20  1:57  SCV  
  21  2:02  Supply Depot  
  21  2:05  Barracks Reactor  
  21  2:10  SCV  
  22  2:17  Barracks  
  22  2:22  SCV  
  23  2:42  Marine x2, Barracks Tech Lab  
  23  2:43  SCV  
  26  2:55  SCV  
  26  2:56  Orbital Command  
  27  3:01  Marine x2  
  27  3:02  Marauder  
  27  3:03  Stimpack  
  31  3:06  Barracks Tech Lab  
  31  3:08  SCV  
  32  3:21  Supply Depot  
  32  3:26  Marine x4  
  36  3:27  SCV x2, Combat Shield  
  36  3:33  Supply Depot  
  38  3:39  SCV x2  
  40  3:45  Marine x3  
  40  3:46  Marine  
  44  3:51  SCV x2  
  46  3:56  Supply Depot  
  46  3:58  Refinery  
  46  4:00  Refinery  
  46  4:03  Marine x3  
  46  4:04  Marine  
  46  4:05  SCV x2  
  50  4:27  Marine x2  
  50  4:31  SCV x2, Marauder x2  
  54  4:43  SCV x2  
  55  4:52  Marauder  
  57  4:53  Marine  
  57  4:54  Marine, Marauder  
  57  4:59  Factory  
  61  5:00  SCV  
  62  5:07  Supply Depot  
  62  5:14  SCV, Supply Depot  
  63  5:19  Command Center  
  63  5:22  SCV  
  63  5:26  SCV  
  65  5:31  Marine x2  
  65  5:34  SCV  
  70  5:38  SCV  
  69  5:45  Barracks Reactor  
  69  5:46  Barracks Reactor  
  55  5:58  Marine x2  
  55  6:03  Starport  
  49  6:04  SCV x2  
  49  6:08  Barracks, Engineering Bay  
  49  6:09  Barracks, Supply Depot, Engineering Bay  
  50  6:13  Siege Tank  
  50  6:16  SCV x2, Refinery  
  55  6:22  Marine x5  
  55  6:23  Marine  
  61  6:28  SCV x2  
  63  6:43  Terran Infantry Armor Level 1, Terran Infantry Weapons Level 1  
  63  6:47  Marine  
  63  6:48  Marine x3, Siege Tank  
  69  7:04  SCV x2  
  71  7:09  Barracks Reactor  
  71  7:10  Barracks Reactor x2  
  71  7:12  Medivac  
  71  7:13  Medivac  
  71  7:14  Marine x4  
  79  7:20  Siege Tank  
  82  7:27  SCV x2  
  84  7:30  Supply Depot  
  84  7:31  Orbital Command  
  84  7:32  Marine x2, Supply Depot  
  86  7:39  SCV  
  86  7:40  Marine x2  
  89  7:44  Medivac  
  89  7:45  Medivac  
  89  7:46  Marine  
  89  7:47  Marine  
  89  7:49  Marine  
  89  7:50  Marine  
  97  7:55  Supply Depot  
  97  7:57  Supply Depot  
  97  8:00  Missile Turret  
  97  8:08  Armory  
  97  8:11  Marine  
  97  8:12  Marine x9  
  107  8:15  SCV x3  
  110  8:22  Supply Depot x2  
  110  8:23  Medivac  
  110  8:25  Medivac  
  114  8:29  Marine  
  114  8:30  SCV x3  
  113  8:48  Marine x8, Siege Tank  
  121  8:56  Marine  
  121  8:57  Marine  
  121  9:00  Terran Infantry Weapons Level 2  
  123  9:05  Marine  
  123  9:07  Marine x5  
  131  9:10  Command Center  
  131  9:12  SCV x3  
  131  9:14  Terran Infantry Armor Level 2  
  132  9:23  Supply Depot  
  132  9:24  SCV  
  132  9:30  Marine x8, Siege Tank  
  135  9:50  Marine x10  
  135  10:05  Siege Tank  
  122  10:07  Marine  
  122  10:08  Marine x5  
  122  10:09  Marine x2  
  122  10:11  Marine  
  122  10:16  Factory  
  122  10:19  Medivac  
  122  10:20  Medivac  
  119  10:23  Planetary Fortress  
  119  10:25  SCV x3  
  122  10:29  Marine x2  
  122  10:30  Marine x8  
  132  10:37  Siege Tank, SCV  
  136  10:44  SCV x2  
  136  10:47  Marine x2  
  136  10:49  SCV  
  141  10:56  SCV x2  
  137  10:59  Marine x8  
  137  11:01  Siege Tank, SCV  
  149  11:05  Marine x2  
  149  11:08  SCV  
  149  11:09  Siege Tank  
  155  11:12  Medivac  
  155  11:17  Marine x5  
  162  11:20  SCV  
  162  11:22  Refinery  
  162  11:24  Refinery  
  162  11:25  Command Center  
Tags
 
Add a new tag
Caveats
  • Supply blocks, unpowered buildings, or Contaminate may cause inaccurate times.
  • Supply counts are checked every 10 seconds.